 Dungeon Crawl Stone Soup version 0.29.1-15-g9cfb28693d (webtiles) character file.

Game seed: 6064107333701725394

882 BigDaddyOpFi the Ruffian (level 7, -8/78 HPs)
             Began as a Troll Fighter on Feb 22, 2023.
             Mangled by a two-headed ogre
             ... wielding a +0 giant spiked club
              (42 damage)
             ... on level 8 of the Dungeon.
             The game lasted 00:06:54 (3516 turns).

BigDaddyOpFi the Ruffian (Troll Fighter)            Turns: 3516, Time: 00:06:55

Health: -8/78      AC:  5    Str: 25    XL:     7   Next: 76%
Magic:  6/6        EV:  8    Int: 12    God:
Gold:   212        SH:  8    Dex:  9    Spells: 6/6 levels left

rFire   . . .      SeeInvis .     - Unarmed
rCold   . . .      Faith    .   b - +0 kite shield
rNeg    . . .      Spirit   .   a - +0 robe
rPois   .          Reflect  .   (helmet restricted)
rElec   .          Harm     .   g - +0 cloak
rCorr   .          Rampage  .   (gloves unavailable)
Will    .....                   (boots unavailable)
Stlth   +.........              (no amulet)
HPRegen 1.03/turn               t - +4 ring of slaying
MPRegen 0.10/turn               p - +6 ring of intelligence

@: brilliant, hasted, very quick
A: large, unfitting armour, claws 3, regeneration 1, shaggy fur 1, tough skin 1,
robust 1
a: no special abilities


You were on level 8 of the Dungeon.
You visited 1 branch of the dungeon, and saw 6 of its levels.

You collected 212 gold pieces.

Inventory:

Hand Weapons
 e - the +8 hand axe "Poawn" {vorpal, Will- Int+6 Stlth+}
   (You found it on level 3 of the Dungeon)

   It inflicts extra damage upon your enemies.
   Int:       It affects your intelligence (+6).
   Will:      It decreases your willpower.
   Stlth:     It makes you more stealthy.
Armour
 a - a +0 robe (worn)
 b - a +0 kite shield (worn)
 g - a +0 cloak (worn)
Jewellery
 f - a ring of poison resistance
 j - a ring of protection from cold
 o - an amulet of faith
 p - a +6 ring of intelligence (right claw)
 t - a +4 ring of slaying (left claw)
Wands
 n - a wand of roots (7) (quivered)
Scrolls
 c - a scroll of noise
 h - 4 scrolls of identify
 l - a scroll of fear
 r - a scroll of blinking {unknown}
Potions
 m - a potion of curing
 s - a potion of degeneration {unknown}
 u - a potion of flight {unknown}


   Skills:
 + Level 4.4 Fighting
 - Level 2.4 Dodging
 + Level 4.8 Shields
 * Level 6.5 Unarmed Combat


You had 6 spell levels left.
You didn't know any spells.
Your spell library contained the following spells:

 Spells                   Type           Power      Damage    Failure   Level
 Scorch                   Fire           0%         2d5       73%         2
 Flame Wave               Conj/Fire      0%         2d4       100%        4
 Summon Cactus Giant      Summ           0%         N/A       100%        6


Dungeon Overview and Level Annotations

Branches:
Dungeon (5/15)
 Temple: D:4-7

Altars:
Qazlal


Innate Abilities, Weirdness & Mutations

You are too large for most types of armour.
You have claws for hands.
Your natural rate of healing is unusually fast.
You are covered in fur. (AC +1)
You have tough skin. (AC +1)
You are robust. (+10% HP)


Message History

Aiming: Fastroot
Press: ? - help, Q - select action Shift-Dir - straight line, f/p - two-headed ogre
Aim: a two-headed ogre, wielding a +0 giant spiked club and a +0 giant club The roots erupt in riotous growth!
Roots grab the two-headed ogre.
The grasping roots constrict the two-headed ogre.
The two-headed ogre struggles to escape constriction.
You're wearing all the rings you can.
Remove which one? (? for menu, Esc to cancel) < or
f - a ring of poison resistance; > or
p - a +6 ring of intelligence You remove your ring of poison resistance.
The grasping roots constrict the two-headed ogre.
t - a +4 ring of slaying (left claw)
The grasping roots constrict the two-headed ogre.
The roots release their grip on the two-headed ogre.
Okay, then.
Aiming: Fastroot
Press: ? - help, Q - select action Shift-Dir - straight line, f/p - two-headed ogre
Aim: a two-headed ogre, wielding a +0 giant spiked club and a +0 giant club (lightly wounded)
The roots erupt in riotous growth!
Roots grab the two-headed ogre.
The grasping roots constrict the two-headed ogre.
The two-headed ogre escapes!
Aiming: Fastroot
Press: ? - help, Q - select action Shift-Dir - straight line, f/p - two-headed ogre
Aim: a two-headed ogre, wielding a +0 giant spiked club and a +0 giant club (lightly wounded)
The roots erupt in riotous growth!
Roots grab the two-headed ogre.
The grasping roots constrict the two-headed ogre.
The two-headed ogre struggles to escape constriction.
The grasping roots constrict the two-headed ogre.
The roots release their grip on the two-headed ogre.
The two-headed ogre closely misses you. x2
You mangle the two-headed ogre!!
The two-headed ogre is heavily wounded.
You mangle the two-headed ogre!!
The two-headed ogre is almost dead.
The two-headed ogre hits you with a +0 giant spiked club!!!
Ouch! That really hurt!
You die...

#.# #####.#
#.....#
#.##### #.#
#.# #.# #O#
#@# #.# ##.##
#...###
#.....#
######.######
#§§§§#.#§§§§#
#§§§§#.#§§§§#
#§§§§#.#§§§§#


You could see a two-headed ogre.

Vanquished Creatures
  Sigmund (D:3)
  A wraith (D:8)
  An ogre (D:4)
  A phantom (D:5)
  Blork the orc (D:4)
  A scorpion (D:4)
  A howler monkey (D:5)
  A jelly (D:4)
  Natasha (thrice) (D:3)
  An orc wizard (D:3)
  2 adders (D:2)
  A white imp (D:5)
  2 ufetubi (D:5)
  3 worms
  4 dart slugs
  6 orcs
  6 bats
  5 endoplasms
  11 goblins
  7 hobgoblins
  9 jackals
  A quokka (D:3)
  6 ball pythons
  6 frilled lizards
  5 kobolds
  4 rats
90 creatures vanquished.

Vanquished Creatures (others)
  An orc (D:3)
1 creature vanquished.

Grand Total: 91 creatures vanquished

Notes
Turn   | Place    | Note
-------+----------+-------------------------------------------
     0 | D:1      | BigDaddyOpFi the Troll Fighter began the quest for the Orb.
     0 | D:1      | Reached XP level 1. HP: 22/22 MP: 0/0
   288 | D:1      | Reached XP level 2. HP: 29/29 MP: 1/1
   888 | D:2      | Reached skill level 3 in Unarmed Combat
   888 | D:2      | Reached XP level 3. HP: 35/36 MP: 2/2
  1511 | D:2      | Reached XP level 4. HP: 43/44 MP: 3/3
  1628 | D:3      | Noticed Sigmund
  1658 | D:3      | Gained mutation: You are robust. (+10% HP) [potion of
                  | mutation]
  2077 | D:3      | Noticed Natasha
  2084 | D:3      | Killed Natasha
  2128 | D:3      | Identified the +8 hand axe "Poawn" {vorpal, Will- Int+6
                  | Stlth+}
  2157 | D:3      | Noticed Natasha
  2162 | D:3      | Killed Natasha
  2163 | D:3      | Reached skill level 4 in Unarmed Combat
  2163 | D:3      | Reached XP level 5. HP: 55/58 MP: 4/4
  2216 | D:3      | Killed Sigmund
  2217 | D:3      | Reached XP level 6. HP: 32/67 MP: 5/5
  2424 | D:3      | Noticed Natasha
  2433 | D:3      | Killed Natasha
  2434 | D:3      | Reached skill level 5 in Unarmed Combat
  2601 | D:4      | Reached XP level 7. HP: 42/74 MP: 6/6
  2644 | D:4      | Noticed Blork the orc
  2651 | D:4      | Killed Blork the orc
  3194 | D:5      | Entered Level 5 of the Dungeon
  3328 | D:5      | Reached skill level 6 in Unarmed Combat
  3400 | D:5      | You fall into a shaft and drop 3 floors!
  3405 | D:8      | Found a stormy altar of Qazlal.
  3426 | D:8      | Noticed a wraith
  3440 | D:8      | Killed a wraith
  3477 | D:8      | Noticed a two-headed ogre
  3516 | D:8      | Mangled by a two-headed ogre

Illustrated notes

Levels and vault maps discovered:
D:1:      mrwooster_arrival_statue, layout_basic, minivault_23
D:2:      layout_loops_ring, hangedman_abyss_or_decor_stabs
D:3:      layout_rooms, minmay_ruptured, uniq_natasha, uniq_sigmund
D:4:      layout_cave_pods, uniq_blork_the_orc
D:5:      layout_loops_ring, lemuel_temple_firewalk_b, chequers_big_river
D:8:      layout_loops_ring, grunt_ashenzari_visionary
          [grunt_ashenzari_visionary_shoals, grunt_ashenzari_visionary_snake],
          fedhas_altar_2, nicolae_qazlal_eye_of_the_storm, serial_shops,
          nicolae_shop_hallway_plus, hellmonk_guarded_unrand_dark_maul,
          uniq_grum

Skill      XL: |  1  2  3  4  5  6  7 |
---------------+----------------------+-----
Shields        | 3 4 |  4.8
Unarmed Combat | 3 4 5 6 |  6.5
Fighting       | 3 4 |  4.4
Dodging        | |  2.4

Action                   |  1- 3 |  4- 6 |  7- 9 || total
-------------------------+-------+-------+-------++-------
Melee: Unarmed           |   101 |    56 |    65 ||   222
       Hand axe          |       |    16 |       ||    16
Throw: Throwing net      |       |       |     1 ||     1
Evoke: Wand              |       |       |     3 ||     3
  Use: Potion            |     1 |     4 |     4 ||     9
       Scroll            |       |     6 |       ||     6
 Stab: Sleeping          |     2 |       |       ||     2
Armor: Robe              |    39 |    11 |    10 ||    60
       Skin              |       |    45 |       ||    45
Dodge: Dodged            |    30 |    19 |    10 ||    59
Block: Kite shield       |    30 |    30 |    12 ||    72
